 Dungeon Crawl Stone Soup version 0.26-a0-846-gcc8f1ee719 (webtiles) character file.

Game seed: 7200663097931794690

82 snetch the Chopper (level 4, -3/40 HPs)
             Began as a Hill Orc Monk on Nov 19, 2020.
             Slain by a gnoll (7 damage)
             ... on level 1 of the Dungeon.
             The game lasted 00:05:30 (1421 turns).

snetch the Chopper (Hill Orc Monk)                  Turns: 1421, Time: 00:05:31

Health: -3/40      AC:  3    Str: 14    XL:     4   Next: 43%
Magic:  4/4        EV: 13    Int: 10    God:
Gold:   66         SH:  0    Dex: 13    Spells: 3/3 levels left

rFire    . . .     SeeInvis .   a - +0 hand axe
rCold    . . .     Faith    .   (no shield)
rNeg     . . .     Spirit   .   r - +0 leather armour
rPois    .         Reflect  .   (no helmet)
rElec    .         Harm     .   (no cloak)
rCorr    .         Rampage  .   (no gloves)
MR       .....                  (no boots)
Stlth    +++.......             (no amulet)
HPRegen  0.13/turn              j - ring of stealth
MPRegen  0.09/turn              (no ring)

@: no status effects
A: no striking features
a: no special abilities


You were on level 1 of the Dungeon.
You visited 1 branch of the dungeon, and saw 2 of its levels.

You collected 66 gold pieces.

Inventory:

Hand Weapons
 a - a +0 hand axe (weapon)
 o - a cursed -2 dagger
Missiles
 f - 20 stones
 k - 55 sling bullets
 p - 5 poisoned darts (quivered)
Armour
 l - a +0 plate armour
 r - a +0 leather armour (worn)
Jewellery
 j - a ring of stealth (left hand)
Scrolls
 g - 5 scrolls of identify {unknown}
 i - 2 scrolls of teleportation {unknown}
 m - 2 scrolls of remove curse {unknown}
 n - a scroll of magic mapping {unknown}
Potions
 c - 2 potions of haste {unknown}
 d - a potion of heal wounds {unknown}
 e - a potion of invisibility {unknown}
 h - a potion of attraction {unknown}
 q - a potion of magic {unknown}


   Skills:
 + Level 4.3 Fighting
 + Level 4.9 Axes
 + Level 3.1 Dodging
 - Level 2.0 Stealth


You had 3 spell levels left.
You didn't know any spells.
Your spell library was empty.

Dungeon Overview and Level Annotations

Branches:
Dungeon (2/15)

Altars:


Message History

The gnoll is poisoned.
The gnoll is moderately wounded.
The gnoll hits you but does no damage.
Throwing (i - inventory. (/) - cycle)
p - 7 poisoned darts (quivered)
Press: ? - help, Shift-Dir - straight line, f/p - gnoll
Aim: a gnoll, wielding a +0 whip (heavily wounded, poisoned)
You throw a poisoned dart.
The poisoned dart completely misses the gnoll.
The poisoned dart hits the gnoll.
Unknown command.
You closely miss the gnoll.
Throwing (i - inventory. (/) - cycle)
p - 6 poisoned darts (quivered)
Press: ? - help, Shift-Dir - straight line, f/p - gnoll
Aim: a gnoll, wielding a +0 whip (heavily wounded, poisoned)
You throw a poisoned dart. The poisoned dart hits the gnoll.
The gnoll is poisoned.
The gnoll hits you.
* * * LOW HITPOINT WARNING * * *
Unknown command.
You barely miss the gnoll. The gnoll hits you!
You die...

..#.####.#.............#.#
.......#.#.............#.#
.......#.##...........##.#
.......#..#'.........##..#
........#..##.......##..##
........##..##.....#+..##
........###..##.g.##..##
........# ##..##g##..##
........# ##..#@#..##
........# ##.....##
........# ###..##
.......##########.##
...........).......#######
.###.............#.......#
.# #.............#.......#
.# #.............#.......#
## #.............##.######


You could see 2 gnolls.

Vanquished Creatures
  3 adders (D:2)
  2 oozes
  A dart slug (D:2)
  2 leopard geckos (D:1)
  7 bats
  4 giant cockroaches
  4 goblins
  4 hobgoblins
  A quokka (D:2)
  A ball python (D:1)
  3 frilled lizards
  6 kobolds
  6 rats
44 creatures vanquished.

Notes
Turn   | Place    | Note
-------+----------+-------------------------------------------
     0 | D:1      | snetch the Hill Orc Monk began the quest for the Orb.
     0 | D:1      | Reached XP level 1. HP: 19/19 MP: 1/1
   102 | D:1      | Reached XP level 2. HP: 21/27 MP: 2/2
   431 | D:1      | Reached XP level 3. HP: 30/33 MP: 3/3
   857 | D:2      | Reached XP level 4. HP: 20/40 MP: 4/4
  1421 | D:1      | Slain by a gnoll

Illustrated notes

Levels and vault maps discovered:
D:1:      lemuel_arrival_rhombus, layout_basic
D:2:      layout_rooms

Skill      XL: |  1  2  3  4 |
---------------+-------------+-----
Fighting       | 4 |  4.3
Dodging        | 3 |  3.1
Stealth        | 2 |  2.0
Axes           | |  4.9

Action                   |  1- 3 |  4- 6 || total
-------------------------+-------+-------++-------
Melee: Hand axe          |    93 |    28 ||   121
Throw: Dart              |     4 |    11 ||    15
 Stab: Sleeping          |     5 |     3 ||     8
Armor: Robe              |    23 |     5 ||    28
       Leather armour    |       |     3 ||     3
Dodge: Dodged            |    82 |    21 ||   103

Table legend: (Time is in decaauts)
 A = Elapsed time spent in this place.
 B = Non-inter-level travel time spent in this place.
 C = Inter-level travel time spent in this place.
 D = Time resting spent in this place.
 E = Time spent auto-exploring this place.
 F = Levels seen in this place.
 G = Mean time per level.
                   A        B        C        D        E       F      G
               +--------+--------+--------+--------+--------+-----+--------+
         Total |   1435 |   1407 |     28 |    181 |    577 |   2 |  717.5 |
       Dungeon |   1435 |   1407 |     28 |    181 |    577 |   2 |  717.5 |
               +--------+--------+--------+--------+--------+-----+--------+

Top non-repeatable levels by time:
     D:1: 1119 daAuts
     D:2: 315 daAuts
